 Dungeon Crawl Stone Soup version 0.30-a0-457-g4b7bca3bfa (webtiles) character file.

Game seed: 15545808556516841021

18 shoemetal68 the Ruffian (level 2, 0/28 HPs)
             Began as a Troll Gladiator on Dec 13, 2022.
             Slain by a gnoll
             ... wielding a +0 spear
              (6 damage)
             ... on level 2 of the Dungeon.
             The game lasted 00:10:25 (414 turns).

shoemetal68 the Ruffian (Troll Gladiator)            Turns: 414, Time: 00:10:25

Health: 0/28       AC:  5    Str: 21    XL:     2   Next: 48%
Magic:  1/1        EV: 10    Int:  4    God:
Gold:   12         SH:  0    Dex: 11    Spells: 1/1 levels left

rFire   + . .      SeeInvis .      - Unarmed
rCold   + . .      Faith    .    (no shield)
rNeg    . . .      Spirit   .    a - +0 robe
rPois   +          Reflect  .    b - +1 hat
rElec   +          Harm     .    (no cloak)
rCorr   +          Rampage  .    (gloves unavailable)
Will    .....                    (boots unavailable)
Stlth   +.........               (no amulet)
HPRegen 1.04/turn                (no ring)
MPRegen 0.07/turn                (no ring)

@: resistant
A: large, unfitting armour, claws 3, regeneration 1, shaggy fur 1, tough skin 1
a: no special abilities


You were on level 2 of the Dungeon.
You visited 1 branch of the dungeon, and saw 2 of its levels.

You collected 12 gold pieces.

Inventory:

Hand Weapons
 g - a +0 club
 h - a +0 sling
Missiles
 c - 3 throwing nets
 d - a large rock (quivered)
Armour
 a - a +0 robe (worn)
 b - a +1 hat (worn)
Scrolls
 i - a scroll of magic mapping {unknown}


   Skills:
 + Level 1.9 Fighting
 + Level 1.9 Throwing
 + Level 2.6 Dodging
 + Level 3.3 Unarmed Combat


You had one spell level left.
You didn't know any spells.
Your spell library was empty.

Dungeon Overview and Level Annotations

Branches:
Dungeon (2/15)

Altars:

Shops:
D:1 (


Innate Abilities, Weirdness & Mutations

You are too large for most types of armour.
You have claws for hands.
Your natural rate of healing is unusually fast.
You are covered in fur. (AC +1)
You have tough skin. (AC +1)


Message History

You climb downwards.
The gnoll shouts! x3; The kobold shouts!
You hear a shout!
Found 4 stones.
There is a stone staircase leading up here.
The gnoll attacks as you move away! The gnoll hits you with a +0 club.
You throw a stone. The stone barely misses the gnoll.
The gnoll hits you with a +0 club. The gnoll attacks as you move away!
The gnoll hits you but does no damage.
You throw a stone.
The stone hits the gnoll but does no damage.
A giant cockroach comes into view.
The gnoll hits you from afar with a +0 spear.
The gnoll hits you with a +0 club. The gnoll hits you but does no damage.
You are now empty-clawed.
You scratch the gnoll.
The gnoll is moderately wounded.
The giant cockroach waves its antennae.
The gnoll hits you from afar with a +0 spear.
The gnoll hits you but does no damage. The gnoll barely misses you.
You scratch the gnoll.
The gnoll is severely wounded.
The gnoll hits you from afar with a +0 spear.
The gnoll hits you with a +0 club. The gnoll barely misses you.
You scratch the gnoll.
You kill the gnoll!
The gnoll hits you from afar with a +0 spear. x2
* * * LOW HITPOINT WARNING * * *
The gnoll hits you but does no damage. The gnoll hits you with a +0 spear.
* * * LOW HITPOINT WARNING * * *
You see here a +0 club.
The gnoll hits you from afar with a +0 spear.
* * * LOW HITPOINT WARNING * * *
The gnoll barely misses you.
You are too injured to fight recklessly!
Found a scroll of enchant armour.
You are too injured to fight recklessly!
It was a potion of resistance.
You feel protected.
The gnoll hits you from afar with a +0 spear.
You die...

### ..#. ......
.....
#.##.####.....
.....(........
#.##..........
#.# ##<.......
.##
#.###).##.....
.....###.gK..##
...
#....@.gB..# .
.......#######
....... .......
....... ......?
..#...# ######


You could see 2 gnolls, a giant cockroach and a kobold.

Vanquished Creatures
  A gnoll (D:2)
  2 bats (D:1)
  2 endoplasms (D:1)
  A hobgoblin (D:1)
  2 kobolds (D:1)
  A rat (D:1)
9 creatures vanquished.

Notes
Turn   | Place    | Note
-------+----------+-------------------------------------------
     0 | D:1      | shoemetal68 the Troll Gladiator began the quest for the
                  | Orb.
     0 | D:1      | Reached XP level 1. HP: 19/19 MP: 0/0
   149 | D:1      | Found Jowopt's Antique Weapon Emporium.
   330 | D:1      | Reached XP level 2. HP: 27/28 MP: 1/1
   409 | D:2      | HP: 1/28 [gnoll/+0 spear (3)]
   414 | D:2      | Slain by a gnoll

Illustrated notes

Levels and vault maps discovered:
D:1:      mrwooster_arrival_arrow, layout_loops_corners, serial_shops,
          nicolae_shop_waterfront, ebering_ecumenical_altar_ruins
D:2:      layout_rooms, basic_altar, uniq_jessica, uniq_sigmund

Action                   || total
-------------------------++-------
Melee: Unarmed           ||    23
Throw: Large rock        ||     2
       Stone             ||     3
  Use: Scroll            ||     2
       Potion            ||     1
Armor: Robe              ||    23
Dodge: Dodged            ||    15

Table legend: (Time is in decaauts)
 A = Elapsed time spent in this place.
 B = Non-inter-level travel time spent in this place.
 C = Inter-level travel time spent in this place.
 D = Time resting spent in this place.
 E = Time spent auto-exploring this place.
 F = Levels seen in this place.
 G = Mean time per level.
                   A        B        C        D        E       F      G
               +--------+--------+--------+--------+--------+-----+--------+
         Total |    412 |    129 |    283 |      0 |      0 |   2 |  206.0 |
       Dungeon |    412 |    129 |    283 |      0 |      0 |   2 |  206.0 |
               +--------+--------+--------+--------+--------+-----+--------+

Top non-repeatable levels by time:
     D:1: 399 daAuts
     D:2: 13 daAuts
